 Dungeon Crawl Stone Soup version 0.20.1-1-g8b1a95d (webtiles) character file.

79 codl the Cutter (level 4, -3/33 HPs)
             Began as a Merfolk Wanderer on July 22, 2017.
             Slain by an adder (4 damage)
             ... on level 1 of the Dungeon.
             The game lasted 00:26:35 (2927 turns).

codl the Cutter (Merfolk Wanderer)                  Turns: 2927, Time: 00:26:36

Health: -3/33      AC:  3    Str: 15    XL:     4   Next: 37%
Magic:  4/4        EV: 13    Int: 10    God:
Gold:   29         SH:  0    Dex: 12    Spells: 3/3 levels left

rFire    . . .     SeeInvis .   n - -1 hunting sling (curse)
rCold    . . .     Gourm    .   (no shield)
rNeg     . . .     Faith    .   d - +1 robe
rPois    .         Spirit   .   (no helmet)
rElec    .         Reflect  .   (no cloak)
rCorr    .         Harm     .   (no gloves)
MR       .....                  (no boots)
Stlth    ++........             (no amulet)
Regen    0.2/turn               (no ring)
MPRegen  0.1/turn               (no ring)

@: lethally poisoned (-3 -> -5)
A: change form in water, swift swim, stealthy swim
a: no special abilities


You were on level 1 of the Dungeon.
You were hungry.

You visited 1 branch of the dungeon, and saw 3 of its levels.

You collected 119 gold pieces.
You spent 90 gold pieces at shops.

Inventory:

Hand Weapons
 b - a +0 falchion
 n - a cursed -1 hunting sling (weapon)
 u - a +0 short sword of electrocution
Missiles
 e - 7 javelins
 r - 64 stones (quivered)
Armour
 d - a +1 robe (worn)
Wands
 a - a wand of flame (38/48)
Potions
 c - a potion of lignification
Comestibles
 f - a bread ration
 o - a meat ration


   Skills:
 + Level 1.8 Fighting
 + Level 3.6(4.0) Short Blades
 + Level 2.1(3.1) Long Blades
 + Level 0.2(0.6) Slings
 + Level 1.2 Throwing
 + Level 3.5 Dodging
 + Level 1.0 Stealth
 + Level 2.7 Unarmed Combat
 + Level 1.2 Evocations


You had 3 spell levels left.
You didn't know any spells.

Dungeon Overview and Level Annotations

Branches:
Dungeon (3/15)

Altars:
Okawaru
Zin

Annotations:
D:2 Sigmund


Message History

The adder bites you.
* * * LOW HITPOINT WARNING * * *
You are poisoned.
The adder poisons you!
You feel sick.
A hobgoblin comes into view. It is wielding a club.
You feel sick. The adder bites you.
* * * LOW HITPOINT WARNING * * *
* * * LOW HITPOINT WARNING * * *
You feel sick.
You are feeling hungry.
The adder closely misses you.
There is a stone staircase leading up here.
The adder closely misses you.
You climb upwards.
* * * LOW HITPOINT WARNING * * *
You feel sick.
There is a stone staircase leading down here.
The adder bites you.
You die...

#.#######.# # #.# #.# #
#.#######.# #########
#.........# #........
#####.....# #.###....
#.##..## #.# #.#.#
#.#.[..###.###.#.#
#>S...............
#@#............#.#
#.#....###.###.#.#
#.................
###....###.###.... #....#
#.###.#.#
#################.#......
#.#......................
#.#.#############.###.###
#.#.............#........


You could see an adder.

Vanquished Creatures
  2 adders (D:3)
  An ooze (D:2)
  2 worms
  A leopard gecko (D:2)
  An orc (D:3)
  2 giant cockroaches
  8 goblins
  6 hobgoblins
  5 jackals (D:2)
  A quokka (D:2)
  6 bats
  2 frilled lizards
  5 kobolds
  4 rats
46 creatures vanquished.

Notes
Turn   | Place    | Note
-------+----------+-------------------------------------------
     0 | D:1      | codl the Merfolk Wanderer began the quest for the Orb.
     0 | D:1      | codl set off with: a wand of flame (15/48), a +0 falchion, a potion of lignification, a +0 robe, a bread ration
     0 | D:1      | Reached XP level 1. HP: 15/15 MP: 1/1
   466 | D:1      | Reached XP level 2. HP: 16/21 MP: 2/2
   849 | D:2      | Noticed Sigmund
  1459 | D:2      | Reached XP level 3. HP: 26/26 MP: 3/3
  1503 | D:2      | Reached skill level 1 in Long Blades
  1824 | D:3      | sigmund can get fucked
  1867 | D:3      | Found an iron altar of Okawaru.
  1903 | D:3      | Found Zin's Purification Station.
  1909 | D:3      | Found a glowing silver altar of Zin.
  1914 | D:3      | Bought a potion of curing for 90 gold pieces
  1972 | D:3      | Reached XP level 4. HP: 31/32 MP: 4/4
  2432 | D:3      | Reached skill level 1 in Stealth
  2926 | D:1      | HP: 1/33 [poisoned by an adder]
  2927 | D:1      | Slain by an adder

Skill      XL: |  1  2  3  4 |
---------------+-------------+-----
Dodging        | 3 |  3.5
Long Blades    | 2 |  2.1
Stealth        | 1 |  1.0
Fighting       | |  1.8
Short Blades   | |  3.6
Slings         | |  0.2
Throwing       | |  1.2
Unarmed Combat | |  2.7
Evocations     | |  1.2

Action                   |  1- 3 |  4- 6 || total
-------------------------+-------+-------++-------
Melee: Falchion          |   131 |    25 ||   156
       Punch             |     2 |     2 ||     4
       Hunting sling     |       |    25 ||    25
 Fire: Hunting sling     |       |    22 ||    22
Throw: Javelin           |     4 |     2 ||     6
Evoke: Wand              |       |     5 ||     5
  Use: Scroll            |     5 |     7 ||    12
       Potion            |     1 |     3 ||     4
 Stab: Sleeping          |     1 |       ||     1
  Eat: Chunk             |     3 |     3 ||     6
Armor: Robe              |    20 |    14 ||    34
Dodge: Dodged            |    94 |    59 ||   153
       Rpst.: Falchion   |    14 |     1 ||    15
